 Dungeon Crawl Stone Soup version 0.26.1-11-gd32895ea62 (webtiles) character file.

Game seed: 7060179575180970986

3777 Beepinex the Thaumaturge (level 9, -5/48 HPs)
             Began as a Deep Elf Necromancer on May 28, 2021.
             Was a Follower of Kikubaaqudgha.
             Slain by a two-headed ogre
             ... wielding a +0 giant club
              (24 damage)
             ... on level 8 of the Dungeon.
             The game lasted 00:59:36 (12021 turns).

Beepinex the Thaumaturge (Deep Elf Necromancer)    Turns: 12021, Time: 00:59:38

Health: -5/48      AC:  9    Str:  5    XL:     9   Next: 95%
Magic:  19/27      EV: 14    Int: 24    God:    Kikubaaqudgha [*.....]
Gold:   477        SH:  0    Dex: 15    Spells: 17/33 levels left

rFire    . . .     SeeInvis .   c - +1 dagger (holy)
rCold    . . .     Faith    .   (no shield)
rNeg     . . .     Spirit   .   a - +0 robe
rPois    .         Reflect  .   (no helmet)
rElec    .         Harm     .   (no cloak)
rCorr    .         Rampage  .   (no gloves)
Will     .....                  d - +2 pair of boots
Stlth    +++.......             (no amulet)
HPRegen  0.16/turn              r - +4 ring of protection
MPRegen  0.20/turn              q - ring of wizardry

@: no status effects
A: talons 1, camouflage 1
a: Renounce Religion, Receive Corpses


You were on level 8 of the Dungeon.
You worshipped Kikubaaqudgha.
Kikubaaqudgha was aware of your devotion.
You visited 1 branch of the dungeon, and saw 8 of its levels.

You collected 477 gold pieces.

Inventory:

Hand Weapons
 c - a +1 dagger of holy wrath (weapon)
 m - a +2 whip of venom
Armour
 a - a +0 robe (worn)
 d - a +2 pair of boots (worn)
Jewellery
 i - an uncursed amulet of guardian spirit
 q - a ring of wizardry (right hand)
 r - a +4 ring of protection (left hand)
 v - an uncursed ring of positive energy
Wands
 b - a wand of iceblast (4)
 e - a wand of digging (6)
 l - a wand of flame (18)
Scrolls
 f - 2 scrolls of magic mapping
 g - 5 scrolls of teleportation
 j - a scroll of random uselessness {unknown}
 k - a scroll of fog {unknown}
 o - 2 scrolls of remove curse
 t - a scroll of enchant weapon
 u - a scroll of enchant armour
 w - a scroll of identify
 y - a scroll of fear {unknown}
Potions
 h - 2 potions of curing {unknown}
 n - a potion of resistance
 p - a potion of magic
 s - a potion of brilliance
 x - a potion of flight {unknown}
 z - a potion of heal wounds
 A - 2 potions of lignification {unknown}


   Skills:
 + Level 2.0 Fighting
 + Level 2.9 Short Blades
 + Level 4.4 Dodging
 - Level 2.4 Stealth
 + Level 0.6 Unarmed Combat
 + Level 12.6 Spellcasting
 + Level 11.5 Necromancy
 + Level 0.6 Evocations


You had 17 spell levels left.
You knew the following spells:

 Your Spells              Type           Power        Failure   Level
a - Pain                  Necr           100%         1%          1
b - Animate Skeleton      Necr           100%         1%          1
c - Vampiric Draining     Necr           31%          1%          3
d - Animate Dead          Necr           31%          1%          4
e - Agony                 Necr           63%          1%          5
f - Sublimation of Blood  Necr           31%          1%          2

Your spell library contained the following spells:

 Spells                   Type           Power        Failure   Level


Dungeon Overview and Level Annotations

Branches:
Dungeon (8/15)             Temple (0/1) D:6
   Lair: D:8-11

Altars:
Dithmenos
Elyvilon
Fedhas
Kikubaaqudgha
Okawaru
Sif Muna
Wu Jian
Yredelemnul
The Shining One


Innate Abilities, Weirdness & Mutations

You have sharp toenails.
Your skin changes colour to match your surroundings (Stealth+).


Message History

Confirm with . or Enter, or press ? or * to list all spells.
Okay, then.
Casting: Vampiric Draining (safe; 1% risk of failure)
Confirm with . or Enter, or press ? or * to list all spells.
Aiming: Vampiric Draining (safe; 1% risk of failure)
Press: ? - help, Shift-Dir - straight line, f/p - two-headed ogre
Aim: a two-headed ogre, wielding two +0 giant clubs (heavily wounded)
The two-headed ogre is heavily wounded.
You feel life coursing into your body. The two-headed ogre misses you. x2
Casting: Vampiric Draining (safe; 1% risk of failure)
Confirm with . or Enter, or press ? or * to list all spells.
Aiming: Vampiric Draining (safe; 1% risk of failure)
Press: ? - help, Shift-Dir - straight line, f/p - two-headed ogre
Aim: a two-headed ogre, wielding two +0 giant clubs (heavily wounded)
The two-headed ogre is severely wounded.
You feel life coursing into your body.
The two-headed ogre hits you with a +0 giant club!!
Ouch! That really hurt!
You die...
Kikubaaqudgha rasps: "You have failed me!
Welcome... death!"

#.###### #.# #.#
#.# #.########<#
........##.#######
#.####...........#
...###...#.#####.#
.#......#..# #.#
#..###..)#[# #O#
##.###..##.# #@#
##.)....[.)# #.#
........##.# #.#
######..##.# #.# #
#..##.# #.# #
###.....### #.# ##
#......)..###.# .#
#.#...........# .#
#........†.####


You could see a two-headed ogre.

Vanquished Creatures
  Harold (D:7)
  Grinder (D:5)
  The ghost of Zeld the Twirler, an amateur OpGl (D:3)
  Eustachio (D:5)
  Duvessa (D:5)
  A water moccasin (D:7)
  3 sky beasts
  A black bear (D:6)
  An ice beast (D:5)
  4 ogres
  A big kobold (D:7)
  4 bullfrogs
  A scorpion (D:6)
  Dowan (D:5)
  A howler monkey (D:5)
  A hound (D:7)
  A gnoll shaman (D:6)
  An orc priest (D:4)
  A jelly (D:7)
  A centaur skeleton (D:4)
  2 iguanas
  5 orc wizards
  4 worker ants
  A hound zombie (D:5)
  2 howler monkey zombies
  13 gnolls
  11 adders
  4 white imps
  2 ufetubi
  An ooze (D:1)
  4 worms
  2 dart slugs (D:2)
  3 leopard geckos
  17 orcs
  5 ball pythons
  4 giant cockroaches
  5 goblins
  6 hobgoblins
  8 jackals
  4 quokkas
  7 bats
  5 frilled lizards
  11 kobolds
  4 rats
158 creatures vanquished.

Vanquished Creatures (collateral kills)
  An orc warrior (D:4)
  A centaur (D:7)
  A big kobold (D:8)
  4 wights (D:6)
  A hound (D:4)
  A centaur skeleton (D:7)
  An adder skeleton (D:4)
  6 orcs
  A goblin (D:3)
  7 jackals
  A kobold (D:7)
  A frilled lizard (D:3)
  A rat (D:2)
27 creatures vanquished.

Grand Total: 185 creatures vanquished

Notes
Turn   | Place    | Note
-------+----------+-------------------------------------------
     0 | D:1      | Beepinex the Deep Elf Necromancer began the quest for the
                  | Orb.
     0 | D:1      | Reached XP level 1. HP: 10/10 MP: 6/6
     2 | D:1      | Learned a level 1 spell: Animate Skeleton
    38 | D:1      | Reached skill level 5 in Necromancy
   362 | D:1      | Reached XP level 2. HP: 4/15 MP: 1/8
  1180 | D:1      | Found an iron altar of Okawaru.
  1221 | D:2      | Reached skill level 4 in Spellcasting
  1221 | D:2      | Reached XP level 3. HP: 15/19 MP: 5/10
  1524 | D:1      | Learned a level 3 spell: Vampiric Draining
  1986 | D:2      | Reached XP level 4. HP: 19/24 MP: 6/12
  2258 | D:2      | Reached skill level 5 in Spellcasting
  3060 | D:2      | Reached XP level 5. HP: 26/28 MP: 11/14
  3066 | D:2      | Learned a level 4 spell: Animate Dead
  3118 | D:2      | Gained mutation: Your mind is acute. (Int +2) [potion of
                  | mutation]
  3118 | D:2      | Gained mutation: Your flesh is cold resistant. (rC+)
                  | [potion of mutation]
  3118 | D:2      | Gained mutation: Your spells are a little easier to cast,
                  | but a little less powerful. [potion of mutation]
  3118 | D:2      | Gained mutation: You can translocate small distances at
                  | will. [potion of mutation]
  3499 | D:3      | Found a shadowy altar of Dithmenos.
  3912 | D:3      | Learned a level 5 spell: Agony
  4016 | D:3      | Found an ornate altar of the Wu Jian Council.
  4057 | D:3      | Found a runed translucent door.
  4099 | D:3      | Noticed Zeld's ghost (amateur OpGl)
  4253 | D:3      | Lost mutation: Your mind is acute. (Int +2) [potion of
                  | mutation]
  4253 | D:3      | Gained mutation: You are robust. (+10% HP) [potion of
                  | mutation]
  4253 | D:3      | Lost mutation: Your spells are a little easier to cast, but
                  | a little less powerful. [potion of mutation]
  4253 | D:3      | Gained mutation: You are covered in fur. (AC +1) [potion of
                  | mutation]
  4727 | D:4      | Reached XP level 6. HP: 33/36 MP: 12/16
  5078 | D:3      | Killed Zeld's ghost
  5079 | D:3      | Reached skill level 1 in Fighting
  5079 | D:3      | Reached skill level 6 in Spellcasting
  5230 | D:4      | Found a glowing golden altar of the Shining One.
  5316 | D:4      | Reached XP level 7. HP: 30/41 MP: 7/19
  5430 | D:4      | Found an ancient bone altar of Kikubaaqudgha.
  5440 | D:4      | Became a worshipper of Kikubaaqudgha
  5617 | D:4      | Reached skill level 7 in Spellcasting
  6457 | D:5      | Entered Level 5 of the Dungeon
  6482 | D:5      | Noticed Dowan
  6493 | D:5      | Killed Dowan
  6494 | D:5      | Reached skill level 8 in Spellcasting
  6506 | D:5      | Noticed Duvessa
  6678 | D:5      | Killed Duvessa
  6720 | D:5      | Reached XP level 8. HP: 11/47 MP: 0/22
  6739 | D:5      | Noticed Eustachio
  6752 | D:5      | HP: 1/47 [bat[Eustachio] (1)]
  6817 | D:5      | Killed Eustachio
  7253 | D:5      | Found a white marble altar of Elyvilon.
  7257 | D:5      | Noticed Grinder
  7302 | D:5      | Paralysed by Grinder for 4 turns
  7336 | D:5      | Reached skill level 9 in Spellcasting
  7755 | D:5      | Reached * piety under Kikubaaqudgha
  7755 | D:5      | Identified Kikubaaqudgha's Reference Book on Dark Magic
                  | (Kikubaaqudgha gifted it to you on level 5 of the Dungeon)
  7755 | D:5      | Received a gift from Kikubaaqudgha
  7785 | D:5      | Learned a level 2 spell: Sublimation of Blood
  7823 | D:5      | Killed Grinder
  7824 | D:5      | Reached skill level 1 in Short Blades
  8308 | D:5      | Found a shimmering blue altar of Sif Muna.
  8417 | D:6      | Reached skill level 10 in Spellcasting
  8479 | D:6      | Reached skill level 10 in Necromancy
  8811 | D:6      | Reached XP level 9. HP: 34/51 MP: 13/25
  8995 | D:6      | Found a basalt altar of Yredelemnul.
  9103 | D:6      | Reached skill level 11 in Spellcasting
  9902 | D:6      | Found a staircase to the Ecumenical Temple.
 10024 | D:7      | Noticed Harold
 10054 | D:7      | Killed Harold
 10055 | D:7      | Reached skill level 12 in Spellcasting
 10220 | D:7      | Found a shadowy altar of Dithmenos.
 10260 | D:7      | Lost mutation: Your flesh is cold resistant. (rC+) [potion
                  | of mutation]
 10260 | D:7      | Lost mutation: You can translocate small distances at will.
                  | [potion of mutation]
 10260 | D:7      | Lost mutation: You are robust. (+10% HP) [potion of
                  | mutation]
 10260 | D:7      | Gained mutation: You can translocate small distances at
                  | will. [potion of mutation]
 10260 | D:7      | Gained mutation: You are agile. (Dex +2) [potion of
                  | mutation]
 10261 | D:7      | Lost mutation: You are agile. (Dex +2) [potion of mutation]
 10261 | D:7      | Lost mutation: You can translocate small distances at will.
                  | [potion of mutation]
 10261 | D:7      | Lost mutation: You are covered in fur. (AC +1) [potion of
                  | mutation]
 10261 | D:7      | Gained mutation: You have sharp toenails. [potion of
                  | mutation]
 10261 | D:7      | Gained mutation: Your skin changes colour to match your
                  | surroundings (Stealth+). [potion of mutation]
 10547 | D:7      | Found an iron altar of Okawaru.
 10675 | D:7      | Found a blossoming altar of Fedhas.
 11983 | D:8      | Noticed a two-headed ogre
 12021 | D:8      | Slain by a two-headed ogre

Illustrated notes

Levels and vault maps discovered:
D:1:      dpeg_arrival_lava_altar, layout_loops_ring
D:2:      layout_loops_corners, minmay_unequal
D:3:      layout_loops_ring, lemuel_crystal_altar,
          nicolae_overflow_crystal_walls, hellmonk_ghost_happy_afterlife,
          serial_aquarium, aquarium_bridge_square [aquarium_subvault_wall,
          aquarium_subvault_window, aquarium_subvault_bridge,
          aquarium_subvault_bridge], aquarium_window_fake,
          aquarium_window_corner, aquarium_view_2f, aquarium_pool_2,
          chequers_serial_rivers_micro_c
D:4:      layout_loops_ring, lemuel_round_altar, overflow_temple_1_default,
          dk_noncrumbling_2
D:5:      layout_gridville, old_standard_altar, lemuel_blue_sif_altar,
          uniq_eustachio, uniq_grinder, uniq_duvessa
D:6:      layout_loops_ring, lemuel_round_altar, minmay_temple_entry_fiery
D:7:      layout_basic, grunt_temple_overflow_open, enter_bailey_2,
          nicolae_dithmenos_the_darkroom, uniq_harold
D:8:      layout_loops_ring, tgw_trog, david_lair_shrubbed

Skill      XL: |  1  2  3  4  5  6  7  8  9 |
---------------+----------------------------+-----
Necromancy     | 5 6 7 9 10 11 | 11.5
Spellcasting   | 4 5 6 8 10 12 | 12.6
Fighting       | 1 2 |  2.0
Dodging        | 3 4 |  4.4
Short Blades   | 1 2 |  2.9
Stealth        | |  2.4
Unarmed Combat | |  0.6
Evocations     | |  0.6

Action                   |  1- 3 |  4- 6 |  7- 9 || total
-------------------------+-------+-------+-------++-------
Melee: Unarmed           |       |    12 |       ||    12
       Dagger            |       |     4 |   112 ||   116
 Cast: Pain              |    39 |    85 |   128 ||   252
       Animate Skeleton  |    10 |    17 |     6 ||    33
       Vampiric Draining |     3 |    19 |    85 ||   107
       Animate Dead      |       |     2 |    24 ||    26
       Agony             |       |       |     1 ||     1
       Sublimation of Bl |       |       |     3 ||     3
Invok: Receive Corpses   |       |       |     9 ||     9
 Abil: Blink             |       |    19 |    27 ||    46
Evoke: Wand              |       |     3 |     9 ||    12
  Use: Potion            |       |     5 |     9 ||    14
       Scroll            |       |     2 |    10 ||    12
 Stab: Sleeping          |       |     1 |       ||     1
Armor: Robe              |     2 |     5 |    64 ||    71
Dodge: Dodged            |     8 |    64 |   235 ||   307
